 Dungeon Crawl Stone Soup version 0.16.1-51-g6203257 (webtiles) character file.

201 hannobal the Conjurer (level 5, -4/28 HPs)
             Began as a Tengu Air Elementalist on Aug 4, 2015.
             Slain by a killer bee (8 damage)
             ... on level 4 of the Dungeon.
             The game lasted 00:14:16 (4834 turns).

hannobal the Conjurer (Tengu Air Elementalist)      Turns: 4834, Time: 00:14:16

Health: -4/28      AC:  2    Str:  8    XL:     5   Next: 79%
Magic:  3/13       EV: 12    Int: 16    God:
Gold:   128        SH:  0    Dex: 15    Spells: 4 memorised, 2 levels left

rFire  . . .     SeeInvis +     a - +2 dagger (freeze)
rCold  . . .     Clarity  .     f - +0 robe
rNeg   . . .     SustAb   .     (no shield)
rPois  .         Gourm    .     (helmet restricted)
rElec  .         Spirit   .     (no cloak)
rCorr  .         Warding  .     (no gloves)
rMut   .         Stasis   .     (boots unavailable)
MR     .....                    (no amulet)
Stlth  ++........               (no ring)
                                l - ring of see invisible

@: lethally poisoned (-4 -> -9), repel missiles, not resistant to hostile
enchantments, unstealthy
A: able to fly, beak, talons 3
a: Fly


You were on level 4 of the Dungeon.
You were not hungry.

You visited 1 branch of the dungeon, and saw 4 of its levels.

You collected 128 gold pieces.

Inventory:

Hand weapons
 a - a +2 dagger of freezing (weapon)
 b - a +0 hunting sling
 t - a +0 falchion
 w - a +0 mace
Missiles
 d - 6 poisoned needles
 e - 121 stones (quivered)
 g - 17 sling bullets
 i - 45 bolts
 y - 44 arrows
Armour
 f - a +0 robe (worn)
 m - a +0 leather armour
 x - a +0 ring mail
Jewellery
 l - a ring of see invisible (left hand)
Scrolls
 h - 2 scrolls of fog
 q - a scroll of recharging
 r - 2 scrolls of remove curse
 s - a scroll of identify
 u - a scroll of magic mapping
Potions
 k - a potion of curing
 o - a potion of heal wounds
 p - a potion of agility
Books
 n - a book of Air

   Spells                             Type                      Level
   a - Shock                          Conjuration/Air              1
   b - Swiftness                      Charms/Air                   2
   c - Repel Missiles                 Charms/Air                   2
   d - Flight                         Charms/Air                   3
   e - Static Discharge               Conjuration/Air              3
   f - Lightning Bolt                 Conjuration/Air              5
Comestibles
 c - 2 bread rations {@e1}
 j - 2 royal jellies


   Skills:
 + Level 0.2 Fighting
 - Level 2.1 Dodging
 - Level 2.0 Stealth
 - Level 3.0 Spellcasting
 - Level 5.0 Conjurations
 - Level 1.2 Charms
 - Level 5.0 Air Magic


You had 2 spell levels left.
You knew the following spells:

 Your Spells              Type           Power        Failure   Level  Hunger
a - Static Discharge      Conj/Air       ###.....     10%         3    ###....
r - Repel Missiles        Chrm/Air       ##....       10%         2    ##.....
s - Swiftness             Chrm/Air       ##......     10%         2    ##.....
z - Shock                 Conj/Air       ###.         2%          1    #......


Dungeon Overview and Level Annotations

Branches:
Dungeon (4/15)
 Temple: D:4-7

Altars:
Ru

Annotations:
D:4 Vojta's ghost, average FoHu


Innate Abilities, Weirdness & Mutations

You can fly.
You have a beak for a mouth.
You have claws for feet.


Message History

You feel sick. The killer bee misses you. The killer bee closely misses you.
Casting: Static Discharge
Confirm with . or Enter, or press ? or * to list all spells.
The killer bee is struck by lightning.
The killer bee is severely wounded.
The lightning arcs!
You are struck by lightning.
* * * LOW HITPOINT WARNING * * *
The lightning grounds out.
The killer bee stings you.
* * * LOW HITPOINT WARNING * * *
The killer bee closely misses you.
Casting: Static Discharge
Confirm with . or Enter, or press ? or * to list all spells.
Aiming: Shock
Press: ? - help, Shift-Dir - straight line, p - gnoll The zap hits the killer bee.
The killer bee is almost dead.
The zap misses the killer bee.
* * * LOW HITPOINT WARNING * * *
You feel sick. The killer bee barely misses you. The killer bee stings you!
You die...

#.##......
#.# .....g
#.# ..... #.#
#... #.# ..
#h# ##g# #y.#
#@## #.# #.#
#.# #.# #.#
#.# .##
###.##
#...###....##


You could see a killer bee, a gnoll and a jackal.

Vanquished Creatures
  A killer bee (D:4)
  2 hound skeletons (D:4)
  7 adders
  3 worms
  2 oozes
  4 orcs (D:3)
  3 ball pythons
  7 bats
  8 hobgoblins
  2 jackals (D:1)
  3 giant geckos
  A giant newt (D:1)
  9 goblins
  6 kobolds
  5 rats
63 creatures vanquished.

Notes
Turn   | Place    | Note
--------------------------------------------------------------
     0 | D:1      | hannobal, the Tengu Air Elementalist, began the quest for the Orb.
     0 | D:1      | Reached XP level 1. HP: 10/10 MP: 3/3
   320 | D:1      | Reached XP level 2. HP: 9/15 MP: 0/5
   957 | D:1      | Learned a level 2 spell: Swiftness
   960 | D:1      | Learned a level 2 spell: Repel Missiles
  1060 | D:1      | Reached XP level 3. HP: 19/19 MP: 0/7
  1762 | D:2      | Found a sacrificial altar of Ru.
  2034 | D:2      | Reached skill level 5 in Conjurations
  2034 | D:2      | Reached XP level 4. HP: 18/24 MP: 4/8
  2959 | D:3      | Reached skill level 5 in Air Magic
  3356 | D:3      | Reached XP level 5. HP: 28/28 MP: 5/11
  3959 | D:4      | Reached skill level 1 in Charms
  4030 | D:4      | Learned a level 3 spell: Static Discharge
  4143 | D:4      | Noticed Vojta's ghost (average FoHu)
  4834 | D:4      | Slain by a killer bee

Action                   |  1- 3 |  4- 6 || total
-------------------------+-------+-------++-------
Melee: Unarmed           |     3 |       ||     3
       Dagger            |     2 |    11 ||    13
Throw: Stone             |     2 |       ||     2
 Cast: Shock             |    59 |   107 ||   166
       Repel Missiles    |     1 |       ||     1
       Static Discharge  |       |     2 ||     2
  Use: Scroll            |     5 |     2 ||     7
       Potion            |     4 |     3 ||     7
  Eat: Chunk             |     4 |     7 ||    11
       Beef jerky        |       |     1 ||     1
       Fruit             |       |     3 ||     3
       Pizza             |       |     1 ||     1
